 Dungeon Crawl Stone Soup version 0.19.1-1-g22dce08 (webtiles) character file.

78971 Dolanko the Bludgeoner (level 15, -1/100 HPs)
             Began as a Gargoyle Fighter on Dec 29, 2016.
             Was the Champion of Makhleb.
             Killed by divine providence
             ... invoked by a meliai
              (10 damage)
             ... on level 2 of the Spider Nest.
             The game lasted 00:47:05 (17073 turns).

Dolanko the Bludgeoner (Gargoyle Fighter)          Turns: 17073, Time: 00:47:06

Health: -1/100     AC: 35    Str: 25    XL:     15   Next: 62%
Magic:  22/22      EV:  8    Int:  8    God:    Makhleb [******]
Gold:   1214       SH:  0    Dex: 11    Spells: 0 memorised, 14 levels left

rFire  + + .     SeeInvis .     o - +8 great mace (drain)
rCold  . . .     Gourm    .     l - +0 plate armour
rNeg   + + .     Faith    +     (shield currently unavailable)
rPois  ∞         Spirit   .     i - +1 helmet
rElec  +         Reflect  .     G - +0 cloak
rCorr  +         Harm     .     j - +0 pair of gloves
MR     +....                    J - +0 pair of boots of the World {rF++ Regen+ Int-2 Dex+2} (curse)
Stlth  ..........               s - amulet of faith
                                E - ring of resist corrosion
                                m - ring of Departure {*Contam rElec rN+ Stlth+}

@: no status effects
A: big wings, negative energy resistance 1, electricity resistance, unbreathing,
petrification resistance, rot immunity, AC +11
a: Fly, Minor Destruction, Lesser Servant of Makhleb, Major Destruction, Greater
Servant of Makhleb, Renounce Religion


You were on level 2 of the Spider Nest.
You worshipped Makhleb.
Makhleb was exalted by your worship.
You were not hungry.

You visited 4 branches of the dungeon, and saw 18 of its levels.
You also visited: Sewer.

You collected 1214 gold pieces.

Inventory:

Hand Weapons
 o - a +8 great mace of draining (weapon)
 p - a +1 morningstar of draining
Missiles
 B - 3 poisoned javelins (quivered)
Armour
 c - a +0 shield
 i - a +1 helmet (worn)
 j - a +0 pair of gloves (worn)
 l - a +0 plate armour (worn)
 G - a +0 cloak (worn)
 J - the cursed +0 pair of boots of the World (worn) {rF++ Regen+ Int-2 Dex+2}
   (You found it on level 5 of the Dungeon)

   It affects your intelligence (-2).
   It affects your dexterity (+2).
   It greatly protects you from fire.
   It increases your rate of regeneration.
   It has a curse placed upon it.
Jewellery
 m - the ring of Departure (left hand) {*Contam rElec rN+ Stlth+}
   (You found it on level 6 of the Lair of Beasts)

   [ring of stealth]

   It insulates you from electricity.
   It protects you from negative energy.
   It causes magical contamination when unequipped.
   It makes you more stealthy.
 s - an amulet of faith (around neck)
 w - an uncursed ring of fire
 y - an uncursed ring of flight
 E - a ring of resist corrosion (right hand)
 Q - an uncursed ring of magical power
Wands
 h - a wand of flame (25/48)
 q - a wand of slowing (15/48)
 A - a wand of digging (14/24)
 I - a wand of flame (24/48)
 K - a wand of slowing (26/48)
 L - a wand of lightning (6/15)
 P - a wand of iceblast (6/15)
 W - a wand of polymorph (11/24)
Scrolls
 e - 7 scrolls of teleportation
 g - 3 scrolls of enchant armour
 k - 11 scrolls of remove curse
 r - 2 scrolls of magic mapping
 t - 4 scrolls of amnesia
 C - 5 scrolls of random uselessness
 N - a scroll of summoning
 R - 4 scrolls of identify
 S - 2 scrolls of fog
 X - a scroll of recharging
Potions
 a - a potion of magic {unknown}
 d - 6 potions of might
 n - 2 potions of lignification
 u - 2 potions of cancellation
 v - 2 potions of mutation
 x - 2 potions of cure mutation
 z - 2 potions of resistance
 F - 5 potions of flight
 T - a potion of brilliance
 Y - a potion of agility
 Z - a potion of haste {unknown}
Miscellaneous
 D - a lamp of fire
Comestibles
 b - 4 fruits
 f - 9 bread rations
 H - 4 meat rations
 U - 2 beef jerkies
 V - a slice of pizza


   Skills:
 + Level 14.2 Fighting
 * Level 17.2 Maces & Flails
 + Level 14.3 Armour
 - Level 3.2 Shields
 + Level 10.0 Invocations


You had 14 spell levels left.
You didn't know any spells.

Dungeon Overview and Level Annotations

Branches:
Dungeon (8/15)             Temple (1/1) D:5            Lair (6/6) D:8
  Swamp (0/4) Lair:3       Spider (3/4) Lair:3        Slime (0/5) Lair:5

Altars:
Ashenzari
Cheibriados
Dithmenos
Fedhas
Gozag
Hepliaklqana
Kikubaaqudgha
Makhleb
Nemelex Xobeh
Okawaru
Qazlal
Ru
Sif Muna
Trog
Uskayaw
Vehumet
Xom
Zin
The Shining One
Jiyva


Innate Abilities, Weirdness & Mutations

You are resistant to torment.
Your stone body is resilient. (AC +11)
You are immune to poison.
Your large and strong wings let you fly indefinitely.
You resist negative energy. (rN+)
You are resistant to electric shocks. (rElec)
You can survive without breathing.
You are immune to petrification.
You are immune to rotting.


Message History

The meliai calls upon its god to heal the meliai.
The meliai's wounds heal themselves!
Your ynoxinul completely misses the meliai.
The meliai invokes the aid of its god against you.
Something smites you!
* * * LOW HITPOINT WARNING * * *
The meliai closely misses your ynoxinul. x2
The meliai mumbles some strange prayers to its god against you.
Something smites you!
* * * LOW HITPOINT WARNING * * *
Your ynoxinul gestures.
You swap places.
The meliai barely misses your ynoxinul.
The meliai closely misses your ynoxinul.
The meliai hits your ynoxinul with a war axe!
Your ynoxinul dies!
Your ufetubus disappears in a puff of smoke! x3
A demon appears!
The meliai mumbles some strange prayers to its god against you.
Something smites you!
You die...

..##...........##.# #^#######....
...............#.#######.##.....(
...##..........#.##......#..#....
......##.†......#######....##....
.......##......## ##....####...
.......#....#..# ##......####..
...........###.# ##........####^
...[...###..#######..........#..#
......####.....>@###...........##
......###.......§§y.y.........###
.....###......3...#####........#.
...####............###.#...).#...
##.###...........#.##.###..###..#
###.##.......^...#......##..##..#
###.##...........#........#^....#
...............^#.........##.....
...............##...........#....


You could see 2 meliai and a friendly neqoxec.

Vanquished Creatures
  2 emperor scorpions
  The ghost of kosh the Summoner, a journeyman DsSu of Hepliaklqana (Lair:6)
  5 dire elephants
  5 hydras
  An anaconda (Lair:6)
  The ghost of theMooja the Reanimator, a journeyman DsNe of Gozag (Lair:2)
  6 death yaks
  The ghost of dricus the Grappler, a novice TrMo of Okawaru (D:7)
  A lindwurm (Lair:6)
  13 orb spiders
  17 wolf spiders
  2 moths of wrath (Spider:2)
  14 elephants
  6 black mambas
  Joseph (Lair:1)
  12 spiny frogs
  5 komodo dragons
  12 demonic crawlers
  2 meliai (Spider:2)
  22 jumping spiders
  A polar bear (Lair:5)
  5 blink frogs (Lair:3)
  9 hippogriffs
  49 redbacks
  15 tarantellas
  2 wyverns (Lair:3)
  3 basilisks
  40 yaks
  7 vampire mosquitoes
  2 wargs (D:8)
  9 porcupines
  8 water moccasins
  An orc warrior (D:8)
  An ice beast (D:8)
  5 ogres
  2 phantoms
  2 centaurs
  11 wolves
  12 crocodiles
  2 big kobolds (Sewer)
  12 bullfrogs
  A scorpion (D:6)
  4 killer bees (D:8)
  5 electric eels
  4 crimson imps
  A quasit (D:7)
  4 hounds
  2 centaur zombies
  8 orc wizards
  4 orc priests
  A jelly (D:6)
  3 iguanas
  3 worker ants
  2 hound zombies
  Robin (D:3)
  7 adders
  4 river rats
  3 shadow imps
  An ooze (D:5)
  An adder skeleton (D:5)
  7 worms
  3 dart slugs
  4 leopard geckos
  30 orcs
  9 bats
  9 giant cockroaches
  14 goblins
  5 hobgoblins
  12 jackals
  10 kobolds
  2 quokkas
  4 ball pythons
  3 frilled lizards (D:3)
  A jackal zombie (D:6)
  2 leopard gecko zombies
  7 rats
508 creatures vanquished.

Vanquished Creatures (collateral kills)
  A dire elephant (Lair:6)
  2 hydras (Lair:6)
  An orb spider (Spider:3)
  A wolf spider (Spider:1)
  3 elephants (Lair:5)
  2 demonic crawlers
  A jumping spider (Lair:3)
  A meliai (Spider:2)
  2 hippogriffs (Lair:6)
  4 redbacks
  A tarantella (Spider:3)
  A vampire mosquito (Spider:1)
  2 water moccasins (Lair:5)
  2 crocodiles
24 creatures vanquished.

Vanquished Creatures (others)
  A tarantella (Spider:2)
  A bush (Lair:3)
  20 fungi
  6 plants (Lair:6)
28 creatures vanquished.

Grand Total: 560 creatures vanquished

Notes
Turn   | Place    | Note
-------+----------+-------------------------------------------
     0 | D:1      | Dolanko the Gargoyle Fighter began the quest for the Orb.
     0 | D:1      | Reached XP level 1. HP: 14/14 MP: 1/1
   277 | D:1      | Reached XP level 2. HP: 19/19 MP: 2/2
   807 | D:2      | Found a blossoming altar of Fedhas.
   840 | D:2      | Reached XP level 3. HP: 24/24 MP: 3/3
  1028 | D:3      | Reached skill level 3 in Maces & Flails
  1028 | D:3      | Reached XP level 4. HP: 25/29 MP: 4/4
  1073 | D:3      | Found a radiant altar of Vehumet.
  1162 | D:3      | Found a faded altar of an unknown god.
  1206 | D:3      | HP: 1/30 [orc priest/nerve-wracking pain (3)]
  1240 | D:3      | Reached XP level 5. HP: 14/34 MP: 5/5
  1256 | D:3      | Reached skill level 4 in Maces & Flails
  1532 | D:3      | Noticed Robin
  1569 | D:3      | Killed Robin
  1803 | D:3      | Reached XP level 6. HP: 40/40 MP: 6/6
  2651 | D:4      | Reached skill level 5 in Fighting
  2995 | D:4      | Found an iron altar of Okawaru.
  3087 | D:4      | Reached skill level 5 in Maces & Flails
  3087 | D:4      | Reached skill level 5 in Armour
  3092 | D:4      | Reached XP level 7. HP: 44/44 MP: 7/7
  3348 | D:5      | Entered Level 5 of the Dungeon
  3757 | D:5      | Found a glowing golden altar of the Shining One.
  3899 | D:5      | Reached skill level 6 in Maces & Flails
  3918 | D:5      | Reached XP level 8. HP: 49/51 MP: 8/8
  4114 | D:5      | Got a pair of ichor-stained boots
  4120 | D:5      | Identified the cursed +0 pair of boots of the World {rF++ Regen+ Int-2 Dex+2} (You found it on level 5 of the Dungeon)
  4131 | D:5      | Found a staircase to the Ecumenical Temple.
  4224 | Temple   | Entered the Ecumenical Temple
  4412 | Temple   | Became a worshipper of Makhleb the Destroyer
  4615 | D:6      | Reached skill level 7 in Maces & Flails
  4842 | D:6      | Found a glowing drain.
  4846 | Sewer    | Entered a sewer
  4952 | Sewer    | Reached * piety under Makhleb
  5709 | D:6      | Found a hide-covered altar of Uskayaw.
  5992 | D:7      | Reached XP level 9. HP: 48/57 MP: 9/9
  6022 | D:7      | Reached skill level 8 in Maces & Flails
  6179 | D:7      | Reached ** piety under Makhleb
  6306 | D:7      | Got a crude ring mail
  6317 | D:7      | Identified the +2 ring mail of Narcissism {MR+} (You found it on level 7 of the Dungeon)
  6446 | D:7      | Noticed dricus's ghost (novice TrMo)
  6473 | D:7      | Killed dricus's ghost
  6735 | D:7      | Got a bronze ring mail
  6746 | D:7      | Identified the +3 ring mail of Kaivvosh {Int+3} (You found it on level 7 of the Dungeon)
  6955 | D:7      | Reached skill level 9 in Maces & Flails
  7173 | D:8      | Found a staircase to the Lair.
  7197 | D:8      | Reached XP level 10. HP: 64/65 MP: 10/10
  7356 | D:8      | Reached skill level 10 in Maces & Flails
  7555 | Lair:1   | Entered Level 1 of the Lair of Beasts
  7581 | Lair:1   | Identified a scroll of acquirement
  7608 | Lair:1   | Noticed Joseph
  7628 | Lair:1   | Killed Joseph
  7628 | Lair:1   | Reached *** piety under Makhleb
  7680 | Lair:1   | Noticed a spiny frog
  7684 | Lair:1   | Killed a spiny frog
  7879 | Lair:1   | Noticed a black mamba
  7887 | Lair:1   | Killed a black mamba
  7985 | Lair:1   | Reached skill level 11 in Maces & Flails
  8450 | Lair:2   | Noticed a death yak
  8451 | Lair:2   | Noticed a death yak
  8451 | Lair:2   | Noticed a death yak
  8451 | Lair:2   | Noticed a death yak
  8452 | Lair:2   | Noticed a death yak
  8453 | Lair:2   | Noticed a death yak
  8510 | Lair:1   | Killed a death yak
  8510 | Lair:1   | Reached XP level 11. HP: 63/72 MP: 11/11
  8530 | Lair:1   | Killed a death yak
  8530 | Lair:1   | Reached skill level 10 in Fighting
  8544 | Lair:1   | Killed a death yak
  8544 | Lair:1   | Reached skill level 10 in Armour
  8565 | Lair:1   | Killed a death yak
  8565 | Lair:1   | Reached skill level 12 in Maces & Flails
  8576 | Lair:1   | Killed a death yak
  8674 | Lair:2   | Killed a death yak
  8758 | Lair:2   | Noticed theMooja's ghost (journeyman DsNe)
  8820 | Lair:2   | Killed theMooja's ghost
  9013 | Lair:2   | Reached **** piety under Makhleb
  9094 | Lair:2   | Reached skill level 1 in Invocations
  9241 | Lair:2   | Reached skill level 13 in Maces & Flails
  9546 | Lair:3   | Reached XP level 12. HP: 79/79 MP: 11/13
  9654 | Lair:3   | Found a staircase to the Swamp.
  9785 | Lair:3   | Noticed a six-headed hydra
  9809 | Lair:3   | Killed a six-headed hydra
 10026 | Lair:3   | Reached ***** piety under Makhleb
 10134 | Lair:3   | Found a hole to the Spider Nest.
 10645 | Lair:4   | Reached skill level 14 in Maces & Flails
 10804 | Lair:4   | Reached skill level 5 in Invocations
 10909 | Lair:4   | Reached XP level 13. HP: 85/85 MP: 16/16
 11408 | Lair:5   | Found a staircase to the Slime Pits.
 11409 | Lair:5   | Found a viscous altar of Jiyva.
 12068 | Lair:6   | Entered Level 6 of the Lair of Beasts
 12156 | Lair:6   | Reached skill level 15 in Maces & Flails
 12412 | Lair:6   | Noticed kosh's ghost (journeyman DsSu)
 12440 | Lair:6   | Killed kosh's ghost
 12566 | Lair:6   | Found a hazy altar of Hepliaklqana.
 12598 | Lair:6   | Reached ****** piety under Makhleb
 12931 | Lair:6   | Noticed a dire elephant
 12931 | Lair:6   | Noticed a dire elephant
 12933 | Lair:6   | Noticed a dire elephant
 12948 | Lair:6   | Noticed a dire elephant
 12948 | Lair:6   | Noticed a dire elephant
 12955 | Lair:6   | Killed a dire elephant
 12955 | Lair:6   | Gained mutation: Your large and strong wings let you fly indefinitely. [Gargoyle growth]
 12955 | Lair:6   | Reached XP level 14. HP: 63/92 MP: 19/19
 13283 | Lair:5   | Killed a dire elephant
 13372 | Lair:5   | Killed a dire elephant
 13606 | Lair:6   | Killed a dire elephant
 13610 | Lair:6   | Noticed a dire elephant
 13620 | Lair:6   | Killed a dire elephant
 13654 | Lair:6   | Killed a dire elephant
 13786 | Lair:6   | Got a steaming lead ring
 13793 | Lair:6   | Identified the ring of Departure {*Contam rElec rN+ Stlth+} (You found it on level 6 of the Lair of Beasts)
 13909 | Lair:6   | Reached skill level 16 in Maces & Flails
 14092 | Spider:1 | Entered Level 1 of the Spider Nest
 14956 | Spider:2 | Noticed an emperor scorpion
 14975 | Spider:2 | Killed an emperor scorpion
 15321 | Spider:2 | Reached XP level 15. HP: 91/99 MP: 21/21
 16071 | Spider:2 | Reached skill level 17 in Maces & Flails
 16843 | Spider:3 | Noticed an emperor scorpion
 16860 | Spider:3 | Killed an emperor scorpion
 16882 | Spider:3 | Reached skill level 10 in Invocations
 17073 | Spider:2 | Killed from afar by a meliai

Skill      XL: |  1  2  3  4  5  6  7  8  9 10 11 12 13 14 15 |
---------------+----------------------------------------------+-----
Fighting       | 4 5 6 7 8 9 10 11 12 13 14 | 14.2
Maces & Flails | 3 4 5 6 7 9 11 13 14 15 16 17 | 17.2
Armour         | 4 5 6 8 9 10 11 12 13 14 | 14.3
Invocations    | 1 5 7 9 10 | 10.0
Shields        | |  3.2

Action                   |  1- 3 |  4- 6 |  7- 9 | 10-12 | 13-15 || total
-------------------------+-------+-------+-------+-------+-------++-------
Melee: Flail             |    82 |   348 |   672 |    67 |       ||  1169
       Morningstar       |       |       |       |   391 |       ||   391
       Great mace        |       |       |       |   280 |   900 ||  1180
Throw: Tomahawk          |       |     9 |       |       |       ||     9
       Javelin           |       |       |       |     3 |     3 ||     6
Invok: Lesser Servant of |       |       |       |       |    25 ||    25
Evoke: Wand              |       |       |       |       |     5 ||     5
  Use: Potion            |       |     5 |     1 |    11 |     4 ||    21
       Scroll            |       |     1 |    10 |     8 |    25 ||    44
 Stab: Distracted        |       |       |       |       |     7 ||     7
  Eat: Chunk             |       |     8 |     9 |     6 |    15 ||    38
       Bread ration      |       |       |     1 |       |     1 ||     2
       Pizza             |       |       |     1 |       |       ||     1
       Fruit             |       |       |       |     3 |     2 ||     5
       Meat ration       |       |       |       |     1 |       ||     1
Armor: Scale mail        |    49 |    16 |       |       |       ||    65
       Chain mail        |       |   165 |   324 |       |       ||   489
       Plate armour      |       |       |    23 |   755 |  1284 ||  2062
Dodge: Dodged            |    23 |    68 |   129 |   269 |   484 ||   973
Block: Shield            |    46 |   175 |   248 |   182 |       ||   651
